[Event "*** Titled Tuesday Blitz"]
[Site "Chess.com"]
[Date "2019.09.03"]
[Round "4"]
[White "NemtsevIgor"]
[Black "chorejason"]
[Result "0-1"]
[WhiteElo "2304"]
[BlackElo "2119"]
[TimeControl "180+2"]
[EndTime "15:54:00 PDT"]
[Termination "chorejason won by checkmate"]

1. d4 Nf6 2. Bf4 g6 3. e3 Bg7 4. Nf3 O-O 5. Be2 c5 6. c3 d5 7. O-O Qb6 8. Qb3 Nc6 9. Nbd2 c4 10. Qc2 Qa5 11. h3 Bf5 12. Qc1 b5 13. a3 Rac8 14.
Bd1 Qb6 15. Re1 a5 16. Bc2 Bxc2 17. Qxc2 b4 18. axb4 axb4 19. e4 b3 20. Qd1 e6 21.
Bd6 Rfd8 22. e5 Ne8 23. Bc5 Qb5 24. Nf1 Ra8 25. Ba3 Ra6 26. h4 Rda8 27. h5 Bf8 28.
Qd2 Bxa3 29. bxa3 Ne7 30. g4 Kg7 31. Qg5 Qd7 32. Ng3 h6 33. Qe3 Rxa3 34. Rxa3 Rxa3 35. g5 b2 36. Rb1 Ra1 37. gxh6+ Kh8 38. Nd2 Qa4 39. Qf4 Rxb1+ 40. Nxb1 Qd1+ 41. Kg2 Nf5 42. Nxf5 gxf5 43. Qg5 Qxb1 44. Qd8 Qe4+ 45. f3 Qe2+ 46. Kg3 Qe1+ 47. Kg2 Qd2+ 48. Kg3 Qg5+ 49. Qxg5 b1=Q 50. Qd8 Qg1+ 51. Kh3 Qg8 52. Qe7 Kh7 53. Qd8 Kxh6 54. Qe7 Kh7 55. Qd8 Ng7 56. Qf6 Nxh5 57. Qh4 Qg6 58. Kh2 Kg7 59. Qe7 f4 60. Kh1 Ng3+ 61.
Kh2 Nf5 62. Qd8 Qg3+ 63. Kh1 Qxf3+ 64. Kh2 Qg3+ 65. Kh1 f3 66. Qf6+ Kg8 67. Qd8+ Kh7 68. Qh8+ Kg6 69. Qh7+ Kg5 70. Qh6+ Kg4 71. Qh5+ Kf4 72.
Qxf5+ exf5 73. e6 Qg2# 0-1

[Event "*** Titled Tuesday Blitz"]
[Site "Chess.com"]
[Date "2019.09.03"]
[Round "4"]
[White "German_Bazeev"]
[Black "Kumi29"]
[Result "0-1"]
[WhiteElo "2704"]
[BlackElo "2582"]
[TimeControl "180+2"]
[EndTime "15:54:05 PDT"]
[Termination "Kumi29 won by resignation"]

1. d4 e6 2. Nf3 b6 3. c4 Bb7 4.
Nc3 f5 5. a3 Nf6 6. d5 Be7 7.
Nd4 exd5 8. Nxf5 O-O 9. cxd5 Na6 10. e4 Nxe4 11. Nh6+ gxh6 12. Nxe4 Nc5 13. Bc4 Nxe4 14.
d6+ Kh8 15. dxe7 Qxe7 16. O-O d5 17. Bd3 Qh4 18. f3 Nc5 19. Be3 Nxd3 20. Qxd3 c5 21. Bf2 Qg5 22. Rae1 d4 23. Bg3 Rae8 24. Qb5 Qg6 25. Qd7 Bc6 26. Qxa7 h5 27. Qxb6 h4 28.
Be5+ Kg8 29. Qxc5 h3 30. Qc4+ Rf7 31. Bg3 hxg2 32. Rxe8+ Bxe8 33. Re1 Bc6 34. Qxd4 Rxf3 35. Qd8+ Rf8 36. Qd2 Be4 37. Qe3 Bf3 38. Qe6+ Qxe6 39.
Rxe6 Rc8 40. Re1 Rc2 41. b4 Ra2 42. b5 Rxa3 43. b6 Rb3 44. Bc7 Kf7 45. Kf2 Kg6 46. Rg1 Kf5 47. Kg3 Be4+ 48. Kh4 h5 49. Re1 Rf3 50. Bg3 Rf1 51. b7 Bxb7 52. Re5+ Kf6 53. Rg5 g1=Q 0-1

[Event "*** Titled Tuesday Blitz"]
[Site "Chess.com"]
[Date "2019.09.03"]
[Round "4"]
[White "MikeSailer"]
[Black "MalyDominator"]
[Result "1-0"]
[WhiteElo "2120"]
[BlackElo "2309"]
[TimeControl "180+2"]
[EndTime "15:54:11 PDT"]
[Termination "MikeSailer won by resignation"]

1. b4 e5 2. Bb2 Bxb4 3. Bxe5 Nf6 4. Nf3 O-O 5. e3 Re8 6. Bb2 d5 7. Be2 Ne4 8. O-O c6 9. c4 dxc4 10. Bxc4 Be6 11. Bxe6 Rxe6 12. Qb3 Qb6 13. Bd4 Bc5 14. Bxc5 Nxc5 15. Qc2 Nbd7 16. Nc3 Nf6 17. Rab1 Qc7 18. d4 Ncd7 19. a4 Rae8 20. h3 b6 21. Rfc1 Nf8 22. Ne5 Ng6 23. Nb5 Qb7 24. Nxc6 a6 25.
Na3 Rc8 26. d5 Nxd5 27. Na5 Rxc2 28. Nxb7 Rxc1+ 29. Rxc1 h6 30. Rc8+ Kh7 31. Nc4 Re4 32. Nbd6 Re7 33. e4 Nc3 34. Nxb6 Nxe4 35. Nf5 Re6 36.
Nd7 Nd6 37. Nxd6 Rxd6 38. Nc5 a5 39. Ra8 Rd1+ 40. Kh2 Rd2 41. Kg3 h5 42. h4 Ne5 43.
Rxa5 Rd5 44. Rb5 Ng4 45. Nb3 Rd3+ 46. f3 Ne3 47. a5 f5 48. a6 Rd7 49. Rb7 Rd6 50.
Nc5 f4+ 51. Kxf4 Nxg2+ 52. Kg3 Rg6+ 53. Kf2 Nxh4 54. a7 Ra6 55. Nxa6 1-0

[Event "*** Titled Tuesday Blitz"]
[Site "Chess.com"]
[Date "2019.09.03"]
[Round "4"]
[White "2nd_life"]
[Black "Sutormin_DA"]
[Result "0-1"]
[WhiteElo "2373"]
[BlackElo "2604"]
[TimeControl "180+2"]
[EndTime "15:54:19 PDT"]
[Termination "Sutormin_DA won by resignation"]

1. e4 c5 2. Nf3 e6 3. b4 cxb4 4.
a3 d5 5. e5 Nc6 6. d4 bxa3 7.
Bd3 Nge7 8. Bxa3 Nf5 9. Bxf8 Kxf8 10. c3 g6 11. Qc1 h5 12. h3 a6 13. Ke2 Kg7 14. g4 hxg4 15. hxg4 Nh4 16. Nbd2 Bd7 17. Nxh4 Rxh4 18. Nf3 Rxh1 19. Qxh1 Qb6 20. Rb1 Qc7 21. Qh4 Qd8 22. Ng5 Qh8 23. Qg3 Qh6 24. Qf4 Nd8 25. Qf6+ Kg8 26. Rxb7 Nxb7 27. Qxf7+ Kh8 28. Qxd7 Qxg5 29.
Qxb7 Qxg4+ 30. f3 Qg2+ 31. Ke3 Rf8 32. Be2 g5 33. Qxa6 Qh3 34. Qd6 Qh6 35. Qe7 g4+ 36.
Kf2 Qg7 37. Qxg7+ Kxg7 38. Kg3 gxf3 39. Bxf3 Rc8 40. Bg4 Rxc3+ 41. Kf4 Kf7 42. Be2 Kg6 43.
Bf1 Ra3 44. Be2 Ra4 45. Bd3+ Kh6 46. Ke3 Kg5 47. Bc2 Ra3+ 48. Bd3 Kg4 49. Kd2 Kf4 50. Bg6 Ra4 51. Kd3 Ra3+ 52. Kd2 Rb3 53. Ke2 Rg3 54. Bh7 Rg7 55. Bb1 Rg2+ 56. Kd3 Rb2 57. Bc2 Rxc2 0-1

[Event "*** Titled Tuesday Blitz"]
[Site "Chess.com"]
[Date "2019.09.03"]
[Round "4"]
[White "KRASAVCHIK2002"]
[Black "Padenie_Zvezd"]
[Result "1-0"]
[WhiteElo "2387"]
[BlackElo "2802"]
[TimeControl "180+2"]
[EndTime "15:54:20 PDT"]
[Termination "KRASAVCHIK2002 won by resignation"]

1. e4 c5 2. Nf3 Nc6 3. Nc3 g6 4. d4 cxd4 5. Nxd4 Bg7 6. Be3 Nf6 7. Bc4 Qa5 8. O-O O-O 9. Bb3 d6 10. f3 Bd7 11. Qd2 Rfc8 12. Nxc6 Bxc6 13. Rad1 Nd7 14.
Bd4 Bxd4+ 15. Qxd4 Qc5 16. Qxc5 Nxc5 17. Bd5 Kf8 18. Rd2 Bxd5 19. exd5 Rab8 20. Re1 b5 21. Ne2 Na4 22. c3 b4 23. cxb4 Rxb4 24. b3 Nb6 25. Red1 a5 26. Kf2 a4 27. bxa4 Rxa4 28. Rb1 Ra6 29.
Rb3 Rc5 30. Nc3 Kg7 31. Rxb6 Rxb6 32. Na4 Rbb5 33. Nxc5 Rxc5 34. a4 Ra5 35. Rd4 Kf6 36. Ke3 Ke5 37. Re4+ Kf6 38. Rf4+ Kg7 39. Re4 Ra7 40.
Kd3 f5 41. Rd4 g5 42. Kc3 Kf6 43. g3 h5 44. f4 g4 45. Kb4 Rb7+ 46. Ka3 Rb1 47.
a5 Ra1+ 48. Kb4 Ra2 49. Kb5 Rxh2 50. a6 Rc2 51. a7 Rc8 52. Ra4 Ra8 53. Kb6 h4 54.
gxh4 Kg6 55. Kb7 Rxa7+ 56. Rxa7 Kh5 57. Kc6 Kxh4 58. Rxe7 Kg3 59. Kxd6 Kxf4 60. Ke6 1-0

[Event "*** Titled Tuesday Blitz"]
[Site "Chess.com"]
[Date "2019.09.03"]
[Round "4"]
[White "Bladel"]
[Black "FairChess_on_YouTube"]
[Result "1-0"]
[WhiteElo "2621"]
[BlackElo "2970"]
[TimeControl "180+2"]
[EndTime "15:54:26 PDT"]
[Termination "Bladel won by resignation"]

1. e4 g6 2. d4 Bg7 3. Nc3 c6 4. Be2 d6 5. Be3 Qb6 6. a3 Nf6 7. g4 O-O 8. g5 Ng4 9. Bd2 f5 10. gxf6 Nxf6 11. Be3 Ng4 12. Nf3 e5 13. h3 Nxe3 14.
fxe3 exd4 15. exd4 Rxf3 16. Bxf3 Qxb2 17. Ne2 Nd7 18.
O-O Qb6 19. c3 Nf6 20. Kh2 Qc7 21. Qb3+ Kh8 22. Ng3 Bd7 23. Rae1 Re8 24. Bg2 Be6 25. Qc2 Bc4 26. Rf2 c5 27. Bf1 Bg8 28. Bg2 Nd7 29. Qd2 b5 30. e5 dxe5 31. d5 e4 32. d6 Qd8 33. Rxe4 Be5 34. Rfe2 Qf6 35. Kh1 Rf8 36. Rxe5 Nxe5 37. Ne4 Qg7 38. Nxc5 Nc4 39. Qd3 Qh6 40. d7 Qc1+ 41. Kh2 Qf4+ 42. Qg3 Qxg3+ 43. Kxg3 Nd6 44. Ne6 Bxe6 45. Rxe6 Nf7 46. Re8 Kg7 47. Kf4 g5+ 48. Ke3 h5 49. Kd4 g4 50. hxg4 hxg4 51. Kc5 a5 52. Kxb5 Nd6+ 53. Kc5 Rxe8 54. Kxd6 Rf8 55.
c4 g3 56. c5 Rf6+ 57. Ke5 Rf8 58. c6 Kf7 59. c7 Ke7 60. c8=Q 1-0

[Event "*** Titled Tuesday Blitz"]
[Site "Chess.com"]
[Date "2019.09.03"]
[Round "4"]
[White "Jbd735"]
[Black "MFguimaraes"]
[Result "1-0"]
[WhiteElo "2480"]
[BlackElo "2293"]
[TimeControl "180+2"]
[EndTime "15:54:27 PDT"]
[Termination "Jbd735 won by checkmate"]

1. e4 e5 2. Nf3 Nf6 3. Nxe5 d6 4. Nf3 Nxe4 5. d4 d5 6. Bd3 Bd6 7. O-O O-O 8. c4 c6 9. Nc3 Bf5 10. cxd5 Nxc3 11. bxc3 Bxd3 12. Qxd3 cxd5 13. Ng5 g6 14. Qh3 h5 15. Re1 Be7 16. Nf3 Nc6 17. Rb1 b6 18.
Ne5 Nxe5 19. dxe5 Bc5 20. Bh6 Re8 21. Rbd1 Bf8 22. Bxf8 Kxf8 23. Qf3 Qc8 24. Rxd5 Qc6 25. Qd3 Rac8 26. Re3 Qc4 27. Qd2 Kg7 28. h3 Rc5 29.
Rd4 Qb5 30. f4 Qb1+ 31. Kh2 Qf5 32. Red3 g5 33. Rg3 g4 34. Qe2 Rh8 35. hxg4 hxg4+ 36. Kg1 Rh4 37. Kf2 Rc6 38. Qe4 Qxe4 39. Rxe4 Kg6 40. c4 Kf5 41. Ke3 Rh1 42. Rd4 Re1+ 43. Kd2 Rg1 44. Ke3 a6 45. Kf2 Ra1 46. a3 b5 47.
Rc3 Ra2+ 48. Kg3 Rc8 49. c5 a5 50. c6 b4 51. axb4 axb4 52. Rxb4 Ra7 53. Rd4 Rac7 54. Rd6 Ke4 55. Kxg4 Rg8+ 56. Kh3 f5 57. g3 Rh7+ 58. Kg2 Rc8 59. Rd2 Ra7 60. Rc4+ Ke3 61. Rdc2 Ra1 62.
c7 Rd1 63. R4c3+ Kd4 64. e6 Rh8 65. c8=Q Rhh1 66. Qc4# 1-0

[Event "*** Titled Tuesday Blitz"]
[Site "Chess.com"]
[Date "2019.09.03"]
[Round "4"]
[White "laboratorio25"]
[Black "SONOFHOLYGOD"]
[Result "1/2-1/2"]
[WhiteElo "2408"]
[BlackElo "2582"]
[TimeControl "180+2"]
[EndTime "15:54:29 PDT"]
[Termination "Game drawn by repetition"]

1. e4 c6 2. d4 d5 3. Nc3 dxe4 4. Nxe4 Nf6 5. Nxf6+ exf6 6. Nf3 Bd6 7. Bd3 O-O 8. O-O Bg4 9. h3 Bh5 10. Re1 Nd7 11. c4 c5 12. Be2 Qc7 13. d5 Rad8 14. Be3 Rfe8 15. Nd2 Bg6 16. Nf1 Ne5 17. Qd2 a6 18. f4 Nd7 19. g3 Be4 20. Bf2 f5 21. Bd3 Nf6 22. Ne3 g6 23. Be2 h5 24. h4 Re7 25. a3 Rde8 26. b4 b6 27. Nf1 a5 28. bxa5 bxa5 29. Qc3 Ng4 30. Bxg4 hxg4 31. Nd2 a4 32. Re3 Qb7 33. Rae1 Qb6 34. Qc1 Qa5 35. Qd1 Qb6 36. Nxe4 Rxe4 37. Rxe4 Rxe4 38. Qxa4 Rxe1+ 39. Bxe1 Qb1 40. Qe8+ Kg7 41. Qe3 Bc7 42. a4 Ba5 43. Kf2 Qc2+ 44. Qe2 Bxe1+ 45. Kxe1 Qxa4 46. Qe5+ Kg8 47. d6 Qb4+ 48. Kd1 Qb3+ 49. Kd2 Qxc4 50. d7 Qa2+ 51. Kc1 Qa3+ 52. Qb2 Qe3+ 53. Qd2 Qa3+ 54. Kb1 Qb3+ 55. Kc1 Qa3+ 56. Kd1 Qf3+ 57. Kc2 Qe4+ 58. Kb3 c4+ 59. Kc3 Qf3+ 60. Kb2 Qb3+ 61. Kc1 Qa3+ 62. Kd1 Qf3+ 63. Kc1 Qa3+ 64. Qb2 Qe3+ 65. Qd2 Qa3+ 1/2-1/2

[Event "*** Titled Tuesday Blitz"]
[Site "Chess.com"]
[Date "2019.09.03"]
[Round "4"]
[White "Vuks91"]
[Black "MITerryble"]
[Result "1-0"]
[WhiteElo "2596"]
[BlackElo "2822"]
[TimeControl "180+2"]
[EndTime "15:54:31 PDT"]
[Termination "Vuks91 won by resignation"]

1. d4 Nf6 2. Nf3 e6 3. Bf4 b6 4. e3 Bb7 5. c4 Bb4+ 6. Nfd2 O-O 7. a3 Bd6 8. Bg3 Bxg3 9. hxg3 d6 10. Bd3 g6 11.
Nc3 e5 12. d5 Nbd7 13. g4 Kg7 14. g5 Ng8 15. Nde4 f5 16. gxf6+ Ndxf6 17. Ng5 Bc8 18. Nxh7 Bg4 19. Ng5 Bxd1 20. Ne6+ Kf7 21. Nxd8+ Raxd8 22.
Rxd1 Kg7 23. f3 Nh6 24. Rh3 Nf7 25. Rg3 g5 26. Rh3 Rh8 27. Rxh8 Rxh8 28. Kf2 a6 29. Bf5 Rh4 30. b3 Rh8 31. Ne2 g4 32. f4 Rh5 33.
Ng3 Rh8 34. Rh1 exf4 35. exf4 Re8 36. Nh5+ Nxh5 37. Rxh5 g3+ 38. Kf3 Re1 39. Rh3 Rf1+ 40. Kxg3 b5 41. Be6 Nh8 42. f5 Nf7 43. Bxf7 Kxf7 44. Rh7+ Kf6 45. Rxc7 Rxf5 46. Rc6 Ke5 47. Rxa6 bxc4 48. bxc4 Rf1 49. a4 Rc1 50. Rc6 Ra1 51. Kg4 Rxa4 52. Kg5 Ra8 53. g4 Rg8+ 54. Kh5 Rh8+ 55.
Kg6 Rg8+ 56. Kh5 Rh8+ 57. Kg5 Rg8+ 58. Kh4 Kf4 59. Kh3 Rh8+ 60. Kg2 Rd8 61. Kf2 Kxg4 62.
Ke3 Kf5 63. Kd4 Rd7 64. c5 dxc5+ 65. Kxc5 Ra7 66. Re6 Ra1 67. Re2 Ra5+ 68. Kc6 Ra6+ 69. Kc7 Ra7+ 70. Kb6 Re7 71. Rxe7 1-0

[Event "*** Titled Tuesday Blitz"]
[Site "Chess.com"]
[Date "2019.09.03"]
[Round "4"]
[White "Hrant_ChessMood"]
[Black "beatles_22"]
[Result "1-0"]
[WhiteElo "2874"]
[BlackElo "2672"]
[TimeControl "180+2"]
[EndTime "15:54:37 PDT"]
[Termination "Hrant_ChessMood won on time"]

1. d4 Nf6 2. c4 e6 3. Nf3 Bb4+ 4. Nbd2 d6 5. e3 Nbd7 6. Bd3 e5 7. O-O Bxd2 8.
Nxd2 O-O 9. b4 a5 10. b5 Re8 11.
Qc2 Nf8 12. Bb2 Ng6 13. Rae1 b6 14. f3 Bb7 15. Kh1 Qe7 16. e4 Nh5 17. g3 Qe6 18. Rf2 Qh3 19. Nf1 exd4 20. Bxd4 Ne5 21. Be2 f5 22.
Kg1 fxe4 23. fxe4 Nf6 24. Nd2 Neg4 25. Bf1 Qh6 26. Rfe2 Nxe4 27. h3 Ngf6 28. Bg2 Qg6 29. Bxf6 Nxg3 30. Qxg6 Nxe2+ 31. Rxe2 hxg6 32. Rxe8+ Rxe8 33. Bxb7 gxf6 34. Kf2 Kg7 35. Ne4 f5 36. Nc3 Rh8 37. Bg2 Rh4 38. Bf1 Rf4+ 39. Kg2 Rd4 40. Kf2 Rd2+ 41.
Ke3 Rc2 42. Kd4 Rf2 43. Bd3 Kf7 44. Nd5 Rxa2 45. Nxc7 Rh2 46. Nd5 a4 47. Nxb6 a3 48. c5 dxc5+ 49. Kxc5 Kg7 50. Bb1 Rb2 51. Nc4 Rxb1 52.
Nxa3 Rb3 53. Nc4 Rxh3 54. b6 Rb3 55. Na5 Kf6 56. Nxb3 f4 57. b7 1-0

[Event "*** Titled Tuesday Blitz"]
[Site "Chess.com"]
[Date "2019.09.03"]
[Round "4"]
[White "valeriocarnicelli"]
[Black "tbalabayev"]
[Result "1/2-1/2"]
[WhiteElo "2577"]
[BlackElo "2378"]
[TimeControl "180+2"]
[EndTime "15:54:43 PDT"]
[Termination "Game drawn by agreement"]

1. e4 c5 2. Nf3 Nc6 3. d4 cxd4 4. Nxd4 Nf6 5. Nc3 e5 6. Ndb5 d6 7.
Bg5 a6 8. Na3 b5 9. Nd5 Be7 10.
Bxf6 Bxf6 11. c3 Bg5 12. Nc2 Ne7 13. Ncb4 O-O 14. a4 bxa4 15. Rxa4 a5 16. Nxe7+ Qxe7 17. Nd5 Qb7 18. Ra2 Be6 19. Bc4 Rfc8 20. b3 a4 21. O-O axb3 22. Rxa8 Rxa8 23. Bxb3 Rc8 24. c4 Rb8 25. Bc2 Bd8 26. Qd3 Bb6 27. Rb1 Bxd5 28. exd5 g6 29. c5 dxc5 30. d6 Qc6 31. Rd1 c4 32. Qh3 Rd8 33. d7 Bd4 34. Qa3 Qxd7 35.
Qa5 Qd6 36. Qb5 Rc8 37. Qb7 Rc7 38. Qb8+ Kg7 39. Rb1 Qc5 40. Rf1 h5 41. Be4 Qe7 42. Rb1 c3 43. Bc2 Ba7 44. Qa8 Qc5 45. Qf3 Rc6 46.
Rf1 Rf6 47. Qe2 Qd4 48. g3 h4 49. Kg2 Bc5 50. f3 Rd6 51. Rd1 Qd2 52. Rxd2 Rxd2 53. Kf1 Rxe2 54. Kxe2 hxg3 55. hxg3 Bd4 56. g4 Kf6 57.
Kd3 Kg5 58. Ke4 f5+ 59. gxf5 gxf5+ 60. Kd3 Kf4 61. Ke2 Bc5 62. Bb3 Be3 63. Bc2 Bd2 64. Bb3 Kg3 65. Bc2 Kf4 66. Bb3 Kg5 67. Bc2 Kf6 68. Bb3 Ke7 69. Kd3 Kd6 70. Kc4 Be1 71. Bc2 Bd2 72. Bxf5 Be1 73. Bc2 Bd2 74.
Bd3 Be1 75. Bc2 Bd2 76. Bd3 Be1 1/2-1/2

[Event "*** Titled Tuesday Blitz"]
[Site "Chess.com"]
[Date "2019.09.03"]
[Round "4"]
[White "Chigorinetz"]
[Black "StephenDedalus83"]
[Result "0-1"]
[WhiteElo "2578"]
[BlackElo "2827"]
[TimeControl "180+2"]
[EndTime "15:54:52 PDT"]
[Termination "StephenDedalus83 won by resignation"]

1. e4 g6 2. Nc3 Bg7 3. h4 h5 4.
Bc4 e6 5. Bb3 Ne7 6. d4 d5 7.
Bg5 dxe4 8. Nxe4 Qxd4 9. Qxd4 Bxd4 10. O-O-O Nbc6 11. Ba4 Bg7 12. Nf6+ Kf8 13. Nf3 a6 14. Rd3 b5 15. Rhd1 Bb7 16. Bb3 Bh6 17. Rd7 Rc8 18.
a4 Bxg5+ 19. Nxg5 Ne5 20. Rd8+ Kg7 21. Rxh8 Rxh8 22. f4 N5c6 23. Nfe4 Rd8 24. Nc5 Bc8 25. Rxd8 Nxd8 26. Kd2 Nd5 27. g3 c6 28. Nge4 Nb7 29. Nxa6 Kf8 30. axb5 cxb5 31. Bxd5 exd5 32. Nec5 Nd6 33.
Nb4 Nf5 34. Nxd5 Nxg3 35. Ne3 Nf5 36. Nxf5 Bxf5 37. b3 Ke7 38. c4 bxc4 39. bxc4 Kd6 40. Nb3 f6 41. Ke3 Be6 42. Kd4 Bf7 43. Nd2 Ke6 44.
Ne4 Be8 45. Ng3 Bc6 46. f5+ Kf7 47. Kc5 Bf3 48. Kd6 g5 49. c5 gxh4 50. Nf1 Kg7 51. c6 Kh6 52. c7 Bb7 53. Nh2 Kg5 54. Nf3+ Kg4 55. Ne5+ Kxf5 56. Nf3 h3 57. Nh2 Kf4 58. Kd7 Kg3 59. Nf1+ Kf2 60. Nd2 h2 61. Ne4+ Kg2 62.
Nd6 Ba6 63. Kc6 h1=Q 64. Kb6 Kf2 65. Kxa6 Qc6+ 0-1

[Event "*** Titled Tuesday Blitz"]
[Site "Chess.com"]
[Date "2019.09.03"]
[Round "4"]
[White "DoHoChess"]
[Black "ckgchess"]
[Result "0-1"]
[WhiteElo "2550"]
[BlackElo "2742"]
[TimeControl "180+2"]
[EndTime "15:54:55 PDT"]
[Termination "ckgchess won by checkmate"]

1. Nf3 Nf6 2. c4 g6 3. Nc3 Bg7 4. e4 O-O 5. d4 d6 6. Be2 e5 7. O-O exd4 8. Nxd4 Re8 9. f3 Nc6 10. Be3 Nh5 11. Nc2 f5 12. Nd5 Bxb2 13. Rb1 Be5 14.
f4 Bg7 15. Bxh5 gxh5 16. e5 dxe5 17. Qxh5 Be6 18. Rxb7 Na5 19. Rxc7 Nxc4 20. Rxc4 Qxd5 21. Rc7 Rf8 22. Qg5 Rf7 23. Rxf7 Bxf7 24. fxe5 Re8 25.
Bd4 Qc4 26. e6 Bg6 27. Bxg7 Kxg7 28. Ne3 Qd4 29. Rd1 Qe5 30. Rd7+ Kg8 31. h4 Qxe6 32. Rxa7 Qxe3+ 33. Qxe3 Rxe3 34. a4 f4 35. a5 Ra3 36. a6 Ra2 37. Re7 Rxa6 38. Kf2 Ra2+ 39. Kf3 Bh5+ 40. Kxf4 Rxg2 41. Re5 Bf7 42. Ra5 Kg7 43.
Ra6 Bg6 44. Ra7+ Kh6 45. Ra5 Rg1 46. Kf3 Rh1 47. Kg3 Rb1 48. Kf3 Rb3+ 49. Kf4 Rb4+ 50. Kg3 Kg7 51. Rc5 Bf7 52. Ra5 Kf6 53. Rc5 Be6 54. Ra5 Rg4+ 55. Kf3 Rxh4 56. Kg3 Rh3+ 57. Kf4 Rh4+ 58. Kg3 Rb4 59. Rh5 Rb3+ 60. Kf4 Kg6 61.
Ra5 Kf6 62. Rh5 Rh3 63. Ra5 h5 64. Ra8 Rh1 65. Rf8+ Bf7 66. Rh8 Ra1 67. Rh6+ Bg6 68.
Rh8 Ra4+ 69. Kg3 Kg5 70. Rb8 h4+ 71. Kg2 Ra2+ 72. Kh1 Be4+ 73. Kg1 Kf4 74. Rg8 Bf3 75. Rg7 h3 76. Rh7 Kg3 77. Rg7+ Bg4 78. Kh1 Ra1# 0-1

[Event "*** Titled Tuesday Blitz"]
[Site "Chess.com"]
[Date "2019.09.03"]
[Round "4"]
[White "DeviatkinAndrey"]
[Black "Ar4uha"]
[Result "1-0"]
[WhiteElo "2691"]
[BlackElo "2507"]
[TimeControl "180+2"]
[EndTime "15:54:57 PDT"]
[Termination "DeviatkinAndrey won by resignation"]

1. d4 Nf6 2. Bg5 e6 3. e3 c5 4. Nd2 b6 5. Be2 Bb7 6. Bf3 Nc6 7. Ne2 Be7 8. c3 d5 9. h3 O-O 10. O-O e5 11. Bxf6 Bxf6 12. dxc5 e4 13. Bg4 bxc5 14. c4 Ne5 15. cxd5 Nxg4 16. hxg4 Qxd5 17. Nc3 Bxc3 18. bxc3 Ba6 19. c4 Bxc4 20. Nxc4 Qxc4 21.
Qb3 Qxb3 22. axb3 Rfb8 23. Rfc1 Rxb3 24. Rxc5 g6 25. Rc4 Rab8 26. Rxa7 Rb1+ 27. Kh2 R8b2 28. g5 Rb5 29. Rxe4 Rxg5 30. Rf4 Rh5+ 31. Kg3 Rg5+ 32. Kf3 Rf5 33. Rxf5 gxf5 34. Ra5 Kg7 35. Rxf5 Kg6 36. g4 Rb4 37. e4 h6 38. Kf4 Rb2 39.
f3 Rb3 40. e5 Rb4+ 41. Kg3 Rb3 42. Rf6+ Kg7 43. Rd6 Rb5 44. Kf4 Rb4+ 45. Kf5 Rb3 46. f4 Rb4 47. Rd7 Kf8 48. Rc7 Ra4 49.
Rc1 Kg7 50. Re1 Ra5 51. Re4 Rb5 52. Rd4 Ra5 53. Ke4 Ra1 54. f5 Re1+ 55. Kf4 Rf1+ 56.
Kg3 h5 57. Rd7 hxg4 58. Kxg4 Rg1+ 59. Kf4 Rf1+ 60. Ke4 Re1+ 61. Kd5 Rd1+ 62. Kc6 Rf1 63. f6+ Kg6 64. Kd6 Kf5 65. Rxf7 Rd1+ 66. Ke7 Kxe5 67. Rh7 Ra1 68. Rh5+ Kf4 69. f7 Kg4 70. Rd5 1-0

[Event "*** Titled Tuesday Blitz"]
[Site "Chess.com"]
[Date "2019.09.03"]
[Round "4"]
[White "r31415"]
[Black "TheBigBoss04"]
[Result "0-1"]
[WhiteElo "2360"]
[BlackElo "2540"]
[TimeControl "180+2"]
[EndTime "15:55:05 PDT"]
[Termination "TheBigBoss04 won by resignation"]

1. e4 c5 2. Nf3 d6 3. d4 cxd4 4.
Nxd4 Nf6 5. Nc3 a6 6. h3 e6 7. g4 h6 8. Bg2 g5 9. b3 Nfd7 10. Bb2 Ne5 11. Nce2 Nbd7 12. Qd2 b5 13. O-O-O Bb7 14.
Kb1 Qc7 15. f4 gxf4 16. Nxf4 Nc5 17. Qe3 O-O-O 18. Nh5 Be7 19. Nf3 Kb8 20. Nxe5 dxe5 21.
Qg3 f6 22. Rdf1 Nxe4 23. Bxe4 Bxe4 24. Rh2 Rhf8 25. Rhf2 Rc8 26. Nxf6 Bxf6 27. Rxf6 Qxc2+ 28. Ka1 Rfd8 29. Qxe5+ Ka8 30. Rc1 Rd1 31. Rf1 Rxf1 32.
Rxf1 Rd8 33. Qc3 Qxc3 34. Bxc3 Rd3 35. Re1 Bd5 36. Bg7 Rxh3 37. Rf1 Kb7 38. Rf6 h5 39. g5 Rg3 40. Bh6 h4 41. g6 h3 42. Rf2 Rg1+ 43.
Kb2 Rxg6 44. Bf4 Bg2 45. Bh2 Kc6 46. Rf7 Kd5 47. Rd7+ Ke4 48. Kc3 Rf6 49. Rd4+ Kf3 50. Rd3+ Kg4 51. Rg3+ Kh4 52. Kd4 Rf2 53. Rg8 Rxa2 54.
Ke5 Bd5 55. Bg3+ Kh5 56. Kf4 Rg2 57. Rh8+ Kg6 58. Rxh3 a5 59. Ke3 Bxb3 60. Bc7 a4 61. Kd4 Rc2 62. Bd6 Bd5 63. Ke5 Re2+ 64. Kd4 Re4+ 65.
Kd3 b4 66. Rg3+ Kf5 67. Rf3+ Kg6 68. Rg3+ Kf7 69. Rf3+ Ke8 70. Bc5 Rc4 71. Bd6 Rc3+ 72. Kd2 Rxf3 73. Bxb4 a3 0-1

[Event "*** Titled Tuesday Blitz"]
[Site "Chess.com"]
[Date "2019.09.03"]
[Round "4"]
[White "Firouzja2003"]
[Black "jcibarra"]
[Result "1/2-1/2"]
[WhiteElo "3047"]
[BlackElo "2827"]
[TimeControl "180+2"]
[EndTime "15:55:15 PDT"]
[Termination "Game drawn - insufficient material"]

1. Nf3 d5 2. b3 Nf6 3. Bb2 g6 4. c4 dxc4 5. bxc4 c5 6. Bxf6 exf6 7. Nc3 f5 8. g3 Nc6 9. Bg2 Bg7 10. Rc1 Be6 11. d3 Qa5 12. Qd2 Rd8 13. O-O Bxc4 14. Qc2 Be6 15. Ng5 Nd4 16. Qb2 Qb4 17. Qd2 O-O 18. Rfd1 b6 19. Nxe6 Nxe6 20. Nd5 Qxd2 21. Rxd2 Rd7 22. Ne3 f4 23. Nc4 fxg3 24. hxg3 Rfd8 25.
Bh3 f5 26. Bg2 h5 27. Rcd1 Nd4 28. e3 Ne6 29. Bc6 Re7 30. Bb5 Bf6 31. a4 Bc3 32. Rc2 Bb4 33. Ne5 Rg7 34. Nc6 Rd6 35. d4 Kh7 36.
Rb1 a5 37. dxc5 Bxc5 38. Ne5 Ng5 39. Kg2 Ne4 40. Nf3 Re7 41. Rb3 Kg7 42. Bd3 Kf6 43. Kf1 Kg7 44. Kg2 Kf6 45. Kf1 Nxg3+ 46. fxg3 Rxe3 47. Ne1 Bb4 48. Re2 Rxg3 49. Bc4 Rxb3 50.
Bxb3 Bxe1 51. Rxe1 g5 52. Re8 g4 53. Kf2 h4 54. Ke3 h3 55. Rf8+ Kg5 56. Rg8+ Kh4 57.
Kf4 Rd4+ 58. Kxf5 h2 59. Rh8+ Kg3 60. Ke5 Rd3 61. Bd5 Rxd5+ 62. Kxd5 Kg2 63. Ke4 g3 64. Kf4 Kf2 65. Rh3 g2 66. Rxh2 Kf1 67. Rxg2 Kxg2 68.
Ke4 Kg3 69. Ke5 Kg4 70. Kd5 Kf5 71. Kd6 Kf6 72. Kd7 Ke5 73. Kc6 Ke6 74. Kxb6 Kd7 75.
Kxa5 Kc7 76. Kb5 Kb8 77. a5 Ka8 78. a6 Ka7 79. Ka5 Ka8 80. a7 Kxa7 1/2-1/2

[Event "*** Titled Tuesday Blitz"]
[Site "Chess.com"]
[Date "2019.09.03"]
[Round "4"]
[White "becemix"]
[Black "Shahinyan_ChessMood"]
[Result "1/2-1/2"]
[WhiteElo "2417"]
[BlackElo "2676"]
[TimeControl "180+2"]
[EndTime "15:55:17 PDT"]
[Termination "Game drawn by repetition"]

1. e4 e6 2. d4 d5 3. exd5 exd5 4. Nf3 Nc6 5. c4 Bg4 6. Be2 Nf6 7. O-O Be7 8. cxd5 Nxd5 9. h3 Bh5 10. Nc3 O-O 11. Qb3 Nb6 12. Be3 Bf6 13. Rad1 Ne7 14. g4 Bg6 15. g5 Nf5 16. gxf6 Qxf6 17. Bg5 Qd6 18. Ne5 Nxd4 19. Rxd4 Qxd4 20. Nxg6 hxg6 21. Bf3 c6 22. Rd1 Qe5 23. Be3 Rad8 24. Rxd8 Rxd8 25. Bxb6 axb6 26. Qxb6 Qg5+ 27. Bg2 Qc1+ 28.
Bf1 Qg5+ 29. Kh1 Rd2 30. Ne4 Qd5 31. Bg2 Rd1+ 32. Kh2 Qe5+ 33. Ng3 Rd2 34. Qxb7 Rxf2 35. Qxc6 Rxb2 36. a4 Kh7 37. Qe4 Qc7 38. Qh4+ Kg8 39. Kg1 Ra2 40. Nf1 Qc5+ 41. Kh1 g5 42. Qe4 g6 43.
Qe8+ Kg7 44. Qe4 Qc3 45. Qc6 Qa1 46. Kg1 Rxa4 47. Qd7 Ra3 48. Kh1 Qf6 49. Qd2 Ra1 50. Qe2 Qd4 51. Qf3 Ra4 52. Kh2 g4 53. hxg4 Qxg4 54.
Qc3+ Qd4 55. Qxd4+ Rxd4 56. Kg3 f5 57. Kf3 Kf6 58. Ke3 Ra4 59. Kf2 g5 60. Nd2 g4 61. Nf1 Kg5 62. Bc6 Ra2+ 63. Kg1 f4 64. Nh2 Kh4 65. Bd7 Ra1+ 66. Kg2 Ra2+ 67. Kg1 Kg3 68.
Nf1+ Kf3 69. Nh2+ Kg3 70. Nf1+ Kh4 71. Nh2 1/2-1/2

[Event "*** Titled Tuesday Blitz"]
[Site "Chess.com"]
[Date "2019.09.03"]
[Round "4"]
[White "Blackmind96"]
[Black "LastHeroJr"]
[Result "1-0"]
[WhiteElo "2717"]
[BlackElo "2526"]
[TimeControl "180+2"]
[EndTime "15:55:31 PDT"]
[Termination "Blackmind96 won by resignation"]

1. d4 Nf6 2. c4 g6 3. f3 Bg7 4.
e4 O-O 5. Nc3 d6 6. Be3 Nc6 7.
Qd2 a6 8. Rc1 Bd7 9. Nge2 e6 10.
g3 Qe7 11. Bg2 Na5 12. Nd1 Nc6 13. O-O b5 14. c5 Rfd8 15. Nf2 Be8 16. Qc3 dxc5 17.
Qxc5 Qxc5 18. Rxc5 Bf8 19. Rcc1 Rac8 20. Rfd1 Na5 21.
b3 Nb7 22. Nd3 Nd7 23. b4 Nb6 24. Bf2 a5 25. a3 axb4 26. axb4 Nc4 27. e5 Bc6 28.
Nc3 Ra8 29. Ra1 Ra3 30. Rxa3 Nxa3 31. f4 Bxg2 32. Kxg2 Nc2 33. Nxb5 Nxb4 34. Nxb4 Bxb4 35. Rb1 Ba5 36. Nxc7 Bxc7 37. Rxb7 Rc8 38. Kf3 Kf8 39. Ke4 Ke8 40. Be1 Kd8 41. Bb4 Ke8 42. Bd6 Bd8 43.
Rb2 Rc1 44. Rd2 Re1+ 45. Kd3 Kd7 46. Ra2 Rd1+ 47. Kc4 Rc1+ 48. Kd3 Rd1+ 49. Kc3 Rc1+ 50. Rc2 Rd1 51. Kc4 Bb6 52. Bc5 Bd8 53. Ra2 Rc1+ 54. Kd3 Rd1+ 55. Ke2 Rh1 56. Ra7+ Ke8 57.
h4 Rg1 58. d5 Rc1 59. Be3 Rc2+ 60. Kd3 Rg2 61. d6 Rxg3 62. Ke4 f5+ 63. exf6 Bxf6 64.
Bb6 Rb3 65. d7+ Kf8 66. Bc5+ Kg8 67. d8=Q+ Bxd8 68. Ra8 Kf7 69. Rxd8 Rb5 70. Rd7+ Kg8 71. Bd4 Rh5 72. Bf6 Rf5 73. Bg5 Ra5 74. Re7 Ra6 75. Ke5 Ra5+ 76. Kxe6 Ra6+ 77. Ke5 Ra5+ 78. Ke4 Ra4+ 79. Kf3 Ra1 80. Re3 Rf1+ 81. Ke4 Rb1 82. Rd3 Rb4+ 83. Rd4 Rb1 84. Rd8+ Kf7 85. Rd7+ Kg8 86.
Bf6 Rb4+ 87. Bd4 Kf8 88. Rxh7 1-0